 Dungeon Crawl Stone Soup version 0.30-a0-223-gcb0039aa0c (webtiles) character file.

Game seed: 35368245881144593

491 qw the Chopper (level 7, -1/43 HPs)
             Began as a Gargoyle Fighter on Oct 9, 2022.
             Slain by a raiju (2 damage)
             ... on level 1 of the Abyss.
             The game lasted 00:01:37 (3314 turns).

qw the Chopper (Gargoyle Fighter)                   Turns: 3314, Time: 00:01:38

Health: -1/43      AC: 16    Str: 22    XL:     7   Next: 14%
Magic:  0/7        EV:  6    Int:  8    God:
Gold:   175        SH:  4    Dex:  9    Spells: 6/6 levels left

rFire   . . .      SeeInvis .    Y - +1 war axe
rCold   . . .      Faith    .    c - +0 buckler
rNeg    + . .      Spirit   +    b - +0 plate armour
rPois   inf        Reflect  .    (no helmet)
rElec   +          Harm     .    (no cloak)
rCorr   .          Rampage  .    (no gloves)
Will    .....                    (no boots)
Stlth   ..........               h - amulet of guardian spirit
HPRegen 0.27/turn                (no ring)
MPRegen 0.10/turn                (no ring)

@: about to teleport
A: sickness immunity, AC +4, negative energy resistance 1, electricity
resistance, torment resistance 1, petrification resistance
a: no special abilities


You were on level 1 of the Abyss.
You visited 1 branch of the dungeon, and saw 5 of its levels.
You visited the Abyss 1 time.

You collected 175 gold pieces.


Innate Abilities, Weirdness & Mutations

You are immune to sickness and miasma.
Your stone body is resilient. (AC +4)
You are immune to poison.
You resist negative energy. (rN+)
You are resistant to electric shocks. (rElec)
You are resistant to unholy torment.
You are immune to petrification.


   Skills:
 - Level 4.1 Fighting
 + Level 6.3 Axes
 - Level 1.2 Throwing
 - Level 3.2 Armour
 - Level 3.2 Shields


You had 6 spell levels left.
You didn't know any spells.
Your spell library was empty.

Inventory:

Hand Weapons
 j - a +0 morningstar
 Y - a +1 war axe (weapon)
Missiles
 a - 3 silver boomerangs (quivered)
Armour
 b - a +0 plate armour (worn)
 c - a +0 buckler (worn)
Jewellery
 h - an amulet of guardian spirit (around neck)
Scrolls
 g - 2 scrolls of identify
Potions
 d - 2 potions of might
 i - 3 potions of resistance
 k - a potion of attraction
 n - a potion of lignification

Dungeon Overview and Level Annotations

Branches:
Dungeon (5/15)
 Temple: D:4-7

Altars:

Annotations:
D:5 Blork the orc


Message History

As you read the scroll of teleportation, it crumbles to dust.
You feel strangely unstable.
You feel the power of the Abyss delaying your translocation!
You block the raiju's attack.
The raiju bursts into living lightning!
The living lightning hits you. You resist.
The raiju blinks!
You hit the raiju but do no damage.
The raiju is moderately wounded.
You miss the raiju. You block the raiju's attack.
The raiju bites you but does no damage. The raiju barely misses you.
The raiju bites you but does no damage.
You closely miss the raiju.
The raiju is moderately wounded.
You hit the raiju. The raiju bites you but does no damage.
The raiju barely misses you.
You miss the raiju.
The raiju is moderately wounded.
You barely miss the raiju. The raiju bites you. The raiju shocks you.
You resist. The raiju barely misses you.
You closely miss the raiju.
The raiju is lightly wounded.
You hit the raiju. The raiju bites you. The raiju shocks you. You resist.
The raiju barely misses you.
You closely miss the raiju.
The raiju is moderately wounded.
You closely miss the raiju. The raiju completely misses you.
The raiju bites you but does no damage.
A raiju comes into view.
You closely miss the raiju.
The raiju is moderately wounded.
You closely miss the raiju.
The raiju barks!
You block the raiju's attack. x2
The raiju bursts into living lightning!
The living lightning misses you.
The living lightning hits the raiju.
The raiju completely resists.
The raiju blinks! x3; The raiju bites you.
The raiju shocks you. You resist.
You die...

.#.#. ...... .
#8#8.# ......## #
##ยค8#8..#.##.
#.. .........
#h##..#.#.# .
#@....... ..
.#h#h..##.. ..#
h..#............
..##.##.####...#.
## ..# #.. #..
### ####


You could see 3 raiju.

Vanquished Creatures
  A black bear (D:4)
  A necrophage (D:5)
  A howler monkey (D:4)
  2 jellies (D:4)
  An orc priest (D:4)
  2 iguanas
  2 orc wizards
  A gnoll (D:2)
  An adder (D:2)
  3 worms (D:3)
  2 dart slugs
  13 orcs
  2 bats
  4 endoplasms
  4 giant cockroaches
  4 goblins
  6 hobgoblins
  4 jackals (D:2)
  2 quokkas (D:1)
  5 ball pythons
  4 frilled lizards
  4 kobolds
  4 rats
73 creatures vanquished.

Vanquished Creatures (others)
  3 plants (Abyss:1)
3 creatures vanquished.

Grand Total: 76 creatures vanquished

Notes
Turn   | Place    | Note
-------+----------+-------------------------------------------
     0 | D:1      | qw the Gargoyle Fighter began the quest for the Orb.
     0 | D:1      | Reached XP level 1. HP: 14/14 MP: 1/1
     0 | D:1      | 0 ||| qw: Version: 0.2-a-17-g06abaee
     0 | D:1      | 0 ||| qw: Game counter: 2162
     0 | D:1      | 0 ||| qw: Always use a shield: true
     0 | D:1      | 0 ||| qw: God list: Okawaru
     0 | D:1      | 0 ||| qw: Allow faded altars: false
     0 | D:1      | 0 ||| qw: Do Orc after D:15 true
     0 | D:1      | 0 ||| qw: Do second Lair branch before Depths: true
     0 | D:1      | 0 ||| qw: Lair rune preference: random
     0 | D:1      | 0 ||| qw: Plans: Normal, Zot:1-4, God:TSO, Crypt, Tomb,
                  | Pan, Slime:5, Hells, Abyss, Orb
     0 | D:1      | 0 ||| PLANNING D:1-11
    49 | D:1      | Reached skill level 2 in Axes
    77 | D:1      | Reached XP level 2. HP: 19/19 MP: 2/2
   391 | D:1      | 391 ||| UPGRADING to amulet of guardian spirit.
   744 | D:1      | 744 ||| READING 2 scrolls labelled DACIEKL MOXI.
   745 | D:1      | 745 ||| READING 2 scrolls labelled IFEVOWK UZUSEW.
   746 | D:1      | 746 ||| READING scroll labelled YNURAT JEWE.
   747 | D:1      | 747 ||| READING scroll labelled JELYGIMERI.
   748 | D:1      | 748 ||| DROPPING scroll of immolation.
   857 | D:2      | Reached skill level 3 in Axes
   884 | D:2      | Found a faded altar of an unknown god.
   975 | D:2      | Reached XP level 3. HP: 23/23 MP: 3/3
  1007 | D:2      | 1007 ||| Stepping ~*~*~tactically~*~*~ (stealth).
  1008 | D:2      | 1008 ||| Stepping ~*~*~tactically~*~*~ (stealth).
  1018 | D:2      | 1018 ||| DROPPING +0 mace.
  1285 | D:2      | Reached XP level 4. HP: 27/28 MP: 4/4
  1306 | D:2      | 1306 ||| Stepping ~*~*~tactically~*~*~ (stealth).
  1315 | D:2      | 1315 ||| Stepping ~*~*~tactically~*~*~ (stealth).
  1316 | D:2      | 1316 ||| Stepping ~*~*~tactically~*~*~ (stealth).
  1564 | D:2      | 1564 ||| DROPPING scarf of shadows.
  1565 | D:2      | 1565 ||| UPGRADING to +0 chain mail.
  1575 | D:2      | 1575 ||| DROPPING +0 scale mail.
  1576 | D:2      | 1576 ||| READING scroll labelled GATESEA OSUZU.
  1581 | D:2      | 1581 ||| READING scroll labelled ILITRY ZILYGG.
  1582 | D:2      | 1582 ||| READING scroll labelled WOAHAH FA TEMOK.
  1583 | D:2      | 1583 ||| READING scroll labelled ZOQO FIMPAGAKK.
  1584 | D:2      | 1584 ||| READING 2 scrolls of identify.
  1584 | D:2      | 1584 ||| IDENTIFYING smoky purple potion
  1675 | D:3      | Reached skill level 4 in Axes
  1783 | D:3      | 1783 ||| Stepping ~*~*~tactically~*~*~ (stealth).
  1786 | D:3      | 1786 ||| Stepping ~*~*~tactically~*~*~ (stealth).
  2096 | D:3      | 2096 ||| READING scroll labelled IDUMAT UKHLEY.
  2097 | D:3      | 2097 ||| READING scroll labelled CEQ JICUOSKOPEF.
  2198 | D:3      | 2198 ||| READING scroll labelled SALURY YLUIHAN.
  2199 | D:3      | 2199 ||| READING 4 scrolls of identify.
  2199 | D:3      | 2199 ||| IDENTIFYING gluggy blue potion
  2200 | D:3      | 2200 ||| READING 3 scrolls of identify.
  2200 | D:3      | 2200 ||| IDENTIFYING brown potion
  2201 | D:3      | 2201 ||| READING 2 scrolls of identify.
  2201 | D:3      | 2201 ||| IDENTIFYING sedimented inky potion
  2421 | D:4      | HP: 7/28 [orc priest/+0 club (3)]
  2422 | D:4      | 2422 ||| READING scroll of teleportation.
  2423 | D:4      | 2423 ||| DRINKING potion of heal wounds.
  2425 | D:4      | Reached XP level 5. HP: 32/32 MP: 0/5
  2479 | D:4      | Reached skill level 5 in Axes
  2520 | D:4      | 2520 ||| Stepping ~*~*~tactically~*~*~ (stealth).
  2522 | D:4      | 2522 ||| Stepping ~*~*~tactically~*~*~ (stealth).
  2524 | D:4      | 2524 ||| Stepping ~*~*~tactically~*~*~ (hiding).
  2537 | D:4      | 2537 ||| FLEEEEING.
  2538 | D:4      | 2538 ||| FLEEEEING.
  2539 | D:4      | 2539 ||| FLEEEEING.
  2540 | D:4      | 2540 ||| FLEEEEING.
  2541 | D:4      | 2541 ||| FLEEEEING.
  2542 | D:4      | 2542 ||| FLEEEEING.
  2543 | D:4      | 2543 ||| FLEEEEING.
  2544 | D:4      | 2544 ||| FLEEEEING.
  2545 | D:4      | 2545 ||| FLEEEEING.
  2547 | D:4      | 2547 ||| FLEEEEING.
  2548 | D:4      | 2548 ||| STAIRDANCE
  2548 | D:4      | HP: 7/32 [something/puff of flame (12)]
  2649 | D:3      | 2649 ||| READING 3 scrolls of identify.
  2649 | D:3      | 2649 ||| IDENTIFYING murky dark potion
  2650 | D:3      | 2650 ||| READING 2 scrolls of identify.
  2650 | D:3      | 2650 ||| IDENTIFYING pink potion
  2651 | D:3      | 2651 ||| DROPPING potion of berserk rage.
  2652 | D:3      | 2652 ||| DROPPING potion of brilliance.
  2655 | D:4      | 2655 ||| STAIRDANCE
  2663 | D:4      | 2663 ||| STAIRDANCE
  2679 | D:4      | 2679 ||| STAIRDANCE
  2684 | D:4      | 2684 ||| Stepping ~*~*~tactically~*~*~ (hiding).
  2781 | D:4      | Reached skill level 1 in Throwing
  2781 | D:4      | Reached XP level 6. HP: 35/38 MP: 6/6
  3030 | D:4      | 3030 ||| UPGRADING to +0 plate armour.
  3040 | D:4      | 3040 ||| DROPPING +0 chain mail.
  3051 | D:5      | Entered Level 5 of the Dungeon
  3051 | D:5      | Noticed a black bear
  3053 | D:5      | 3053 ||| STAIRDANCE
  3061 | D:4      | Killed a black bear
  3105 | D:5      | 3105 ||| STAIRDANCE
  3151 | D:5      | Reached skill level 6 in Axes
  3151 | D:5      | Reached XP level 7. HP: 42/43 MP: 7/7
  3197 | D:5      | Noticed Blork the orc
  3198 | D:5      | 3198 ||| Stepping ~*~*~tactically~*~*~ (hiding).
  3199 | D:5      | 3199 ||| Stepping ~*~*~tactically~*~*~ (hiding).
  3201 | Abyss:1  | Cast into level 1 of the Abyss (Blork the orc)
  3292 | Abyss:1  | Noticed a raiju
  3293 | Abyss:1  | 3293 ||| Stepping ~*~*~tactically~*~*~ (stealth).
  3294 | Abyss:1  | 3294 ||| Stepping ~*~*~tactically~*~*~ (stealth).
  3298 | Abyss:1  | 3298 ||| Stepping ~*~*~tactically~*~*~ (stealth).
  3299 | Abyss:1  | 3299 ||| Stepping ~*~*~tactically~*~*~ (stealth).
  3303 | Abyss:1  | Noticed a raiju
  3307 | Abyss:1  | HP: 9/43 [raiju/living lightning (5)]
  3308 | Abyss:1  | 3308 ||| READING scroll of teleportation.
  3312 | Abyss:1  | HP: 3/43 [raiju (2)]
  3312 | Abyss:1  | HP: 1/43 [raiju (2)]
  3313 | Abyss:1  | Noticed a raiju
  3314 | Abyss:1  | Slain by a raiju

Levels and vault maps discovered:
D:1:      wander_arrival_chamber, layout_loops_cross, serial_glass,
          glass_columns_c, glass_columns_a
D:2:      minmay_general_purpose_star, layout_loops_ring,
          ebering_ecumenical_altar_hall
D:3:      layout_rooms
D:4:      layout_loops_ring
D:5:      layout_loops_ring, elyvilon_altar_3, serial_shops,
          nicolae_shop_waterfront, minmay_misc_feat_roman,
          minmay_misc_feat_columns, minmay_statues_item, uniq_blork_the_orc,
          uniq_grinder
Abyss:1:  base: D:4, hangedman_abyss_theft, abyss_exit_lava

Skill      XL: |  1  2  3  4  5  6 |
---------------+-------------------+-----
Axes           | 2 3 4 5 6 |  6.3
Throwing       | 1 |  1.2
Fighting       | 4 |  4.1
Armour         | |  3.2
Shields        | |  3.2

Action                   |  1- 3 |  4- 6 |  7- 9 || total
-------------------------+-------+-------+-------++-------
Melee: War axe           |   106 |   115 |    20 ||   241
Throw: Boomerang         |       |     8 |     3 ||    11
  Use: Scroll            |     4 |    14 |     1 ||    19
       Potion            |       |     1 |       ||     1
 Stab: Distracted        |       |       |     1 ||     1
Armor: Scale mail        |    56 |     2 |       ||    58
       Chain mail        |       |    32 |       ||    32
       Plate armour      |       |    22 |    14 ||    36
Dodge: Dodged            |    44 |    30 |     9 ||    83
Block: Buckler           |    15 |    25 |     4 ||    44

Table legend:
 A = Non-vault XP
 B = Vault XP
 C = Vault XP percentage of total XP
 D = Non-vault monster count
 E = Vault monster count
 F = Vault count percentage of total count
                 A         B        C        D         E       F
            +---------+---------+-------+---------+---------+-------
      Total |     681 |      21 |   3.0 |      67 |       6 |   8.2
            +---------+---------+-------+---------+---------+-------
        D:1 |      25 |       0 |   0.0 |      13 |       0 |   0.0
        D:2 |      43 |      21 |  32.8 |      18 |       6 |  25.0
        D:3 |      81 |       0 |   0.0 |      18 |       0 |   0.0
        D:4 |     411 |       0 |   0.0 |      16 |       0 |   0.0
        D:5 |     121 |       0 |   0.0 |       2 |       0 |   0.0
            +---------+---------+-------+---------+---------+-------
